 Dungeon Crawl Stone Soup version 0.29.1-2-gbd0b4ee654 (webtiles) character file.

Game seed: 9208015413363604140

49 DildoBatman the Conjurer (level 4, -1/30 HPs)
             Began as a Formicid Conjurer on Oct 26, 2022.
             Slain by a scorpion (4 damage)
             ... on level 6 of the Dungeon.
             The game lasted 00:02:46 (1197 turns).

DildoBatman the Conjurer (Formicid Conjurer)        Turns: 1197, Time: 00:02:47

Health: -1/30      AC:  2    Str: 12    XL:     4   Next: 1%
Magic:  7/7        EV: 12    Int: 17    God:
Gold:   78         SH:  0    Dex: 14    Spells: 4/7 levels left

rFire   . . .      SeeInvis +   m - +0 quarterstaff
rCold   . . .      Faith    .   (no shield)
rNeg    . . .      Spirit   .   a - +0 robe
rPois   .          Reflect  .   (helmet unavailable)
rElec   .          Harm     .   (no cloak)
rCorr   .          Rampage  .   (no gloves)
Will    .....                   (no boots)
Stlth   ++........              (no amulet)
HPRegen 0.10/turn               (no ring)
MPRegen 0.10/turn               (no ring)

@: lethally poisoned (-1 -> -14)
A: permanent stasis, dig shafts and tunnels, antennae 3, four strong arms
a: Dig, Shaft Self


You were on level 6 of the Dungeon.
You visited 1 branch of the dungeon, and saw 4 of its levels.

You collected 78 gold pieces.

Inventory:

Hand Weapons
 d - a +0 short sword
 i - a +0 mace
 m - a +0 quarterstaff (weapon)
Missiles
 j - 4 javelins
 k - 12 stones
Armour
 a - a +0 robe (worn)
Wands
 p - a wand of digging (7)
 q - a wand of flame (9)
Scrolls
 c - 2 scrolls of butterflies {unknown}
 f - 3 scrolls of identify {unknown}
 g - 2 scrolls of immolation {unknown}
 h - a scroll of brand weapon {unknown}
 l - a scroll of teleportation {unknown}
Potions
 b - a potion of magic
 e - a potion of invisibility {unknown}
 n - a potion of curing {unknown}
 o - a potion of lignification {unknown}


   Skills:
 - Level 1.7 Dodging
 - Level 2.4 Stealth
 - Level 2.1 Spellcasting
 * Level 4.8 Conjurations


You had 4 spell levels left.
You knew the following spells:

 Your Spells              Type           Power      Damage    Failure   Level
a - Searing Ray           Conj           36%        2d5       3%          2
c - Magic Dart            Conj           72%        1d6       2%          1

Your spell library contained the following spells:

 Spells                   Type           Power      Damage    Failure   Level
 Sandblast                Erth           2%         2d4       19%         1
 Dazzling Flash           Conj/Hex       20%        N/A       22%         3
 Stone Arrow              Conj/Erth      20%        3d8       22%         3
 Passwall                 Tmut/Erth      0%         N/A       28%         2
 Fulminant Prism          Conj/Hex       5%         3d7       56%         4
 Iskenderun's Mystic Bla  Conj/Tloc      10%        2d4       56%         4


Dungeon Overview and Level Annotations

Branches:
Dungeon (2/15)

Altars:

Shops:
D:1 !

Annotations:
D:1 exclusion: electric eel


Innate Abilities, Weirdness & Mutations

You cannot be hasted, slowed, berserked, paralysed or teleported.
You can dig through walls and to a lower floor.
You have a pair of large antennae on your head. (SInv)
Your four strong arms can wield two-handed weapons with a shield.


Message History

What are your orders? t - Shout!
Orders for allies: a - Attack new target. r - Retreat! s - Stop attacking. g - Guard the area. f - Follow me.
Anything else - Cancel.
You shout for attention!
The scorpion stings you. What are your orders? t - Shout!
Orders for allies: a - Attack new target. r - Retreat! s - Stop attacking. g - Guard the area. f - Follow me.
Anything else - Cancel.
You shout for attention!
The scorpion stings you.
You are poisoned.
The scorpion poisons you! What are your orders? t - Shout!
Orders for allies: a - Attack new target. r - Retreat! s - Stop attacking. g - Guard the area. f - Follow me.
Anything else - Cancel.
You shout for attention!
You feel sick. The scorpion barely misses you. What are your orders? t - Shout!
Orders for allies: a - Attack new target. r - Retreat! s - Stop attacking. g - Guard the area. f - Follow me.
Anything else - Cancel.
You shout for attention!
You feel sick. The scorpion stings you!
You are more poisoned.
The scorpion poisons you! The scorpion stings you.
You die...

#. ##..
#...#####
........#
........#
....?...#
......s.#
.......@#
.......(#
........#
#########


You could see a scorpion.

Vanquished Creatures
  2 adders (D:2)
  A worm (D:2)
  3 dart slugs
  A ball python (D:2)
  2 bats (D:1)
  3 endoplasms
  2 hobgoblins
  A kobold (D:1)
  2 quokkas (D:1)
  A frilled lizard (D:2)
  A goblin (D:1)
  A rat (D:2)
20 creatures vanquished.

Notes
Turn   | Place    | Note
-------+----------+-------------------------------------------
     0 | D:1      | DildoBatman the Formicid Conjurer began the quest for the
                  | Orb.
     0 | D:1      | Reached XP level 1. HP: 13/13 MP: 3/3
     5 | D:1      | Noticed an electric eel
    82 | D:1      | Found a faded altar of an unknown god.
   190 | D:1      | Reached skill level 4 in Conjurations
   190 | D:1      | Reached XP level 2. HP: 14/19 MP: 0/5
   193 | D:1      | Learned a level 2 spell: Searing Ray
   502 | D:1      | Found Eklauxos's Distillery.
   874 | D:2      | Reached XP level 3. HP: 24/24 MP: 0/6
  1159 | D:2      | Reached XP level 4. HP: 30/30 MP: 3/7
  1165 | D:2      | You fall into a shaft and drop 1 floor!
  1182 | D:3      | You fall into a shaft and drop 3 floors!
  1185 | D:6      | Noticed a scorpion
  1197 | D:6      | Slain by a scorpion

Illustrated notes

Levels and vault maps discovered:
D:1:      arrival_aquarium_a, layout_basic, serial_shops, nicolae_diamond_shop,
          basic_ecumenical_altar, minmay_misc_feat_cross,
          chequers_serial_rivers_room_a, serial_park_tiny_1,
          chequers_serial_rivers_room_a
D:2:      layout_basic
D:3:      layout_loops_corners, zin_treasury, gammafunk_ghost_arena
D:6:      layout_rooms, gup_ossuary_entry_pyramid, uniq_eustachio, uniq_edmund,
          uniq_pikel

Skill      XL: |  1 |
---------------+----+-----
Conjurations   | 4 |  4.8
Dodging        | |  1.7
Stealth        | |  2.4
Spellcasting   | |  2.1

Action                   |  1- 3 |  4- 6 || total
-------------------------+-------+-------++-------
Melee: Mace              |     4 |       ||     4
       Quarterstaff      |     8 |       ||     8
 Cast: Magic Dart        |    39 |       ||    39
       Searing Ray       |     2 |       ||     2
 Abil: Shaft Self        |       |     2 ||     2
 Stab: Sleeping          |     3 |       ||     3
Dodge: Dodged            |    12 |     3 ||    15
